 Dungeon Crawl Stone Soup version 0.26.0-10-g1f06aea511 (webtiles) character file.

Game seed: 5645077641931051801

23 MajorAdolf the Skirmisher (level 2, 0/30 HPs)
             Began as a Naga Wanderer on Jan 14, 2021.
             Succumbed to a kobold's poison
             ... on level 1 of the Dungeon.
             The game lasted 00:01:00 (785 turns).

MajorAdolf the Skirmisher (Naga Wanderer)            Turns: 785, Time: 00:01:01

Health: 0/30       AC:  3    Str: 12    XL:     2   Next: 95%
Magic:  2/2        EV:  8    Int: 12    God:
Gold:   24         SH:  0    Dex: 12    Spells: 1/1 levels left

rFire    . . .     SeeInvis +   a - +2 mace
rCold    . . .     Faith    .   (no shield)
rNeg     . . .     Spirit   .   e - +0 ring mail
rPois    +         Reflect  .   (no helmet)
rElec    .         Harm     .   (no cloak)
rCorr    .         Rampage  .   (no gloves)
Will     .....                  (no barding)
Stlth    +.........             (no amulet)
HPRegen  0.10/turn              (no ring)
MPRegen  0.08/turn              (no ring)

@: lethally poisoned (0 -> -12), short of breath, very slow
A: large, see invisible, deformed body, poison resistance, slowness 2, spit
poison 1, AC +0
a: Spit Poison


You were on level 1 of the Dungeon.
You visited 1 branch of the dungeon, and saw 1 of its levels.

You collected 24 gold pieces.

Inventory:

Hand Weapons
 a - a +2 mace (weapon)
 d - a +0 dagger
Armour
 c - a +0 robe
 e - a +0 ring mail (worn)
Scrolls
 b - 2 scrolls of teleportation
 f - a scroll of random uselessness {unknown}
 g - 2 scrolls of amnesia {unknown}
 h - a scroll of identify {unknown}
 i - a scroll of enchant weapon {unknown}
 j - a scroll of enchant armour {unknown}


   Skills:
 + Level 4.2 Fighting
 + Level 0.8(2.0) Axes
 - Level 3.0 Maces & Flails
 + Level 0.8 Armour
 + Level 0.8 Dodging
 - Level 3.0 Stealth
 - Level 1.0 Evocations


You had one spell level left.
You didn't know any spells.
Your spell library was empty.

Dungeon Overview and Level Annotations

Branches:
Dungeon (1/15)

Altars:


Innate Abilities, Weirdness & Mutations

You cannot wear boots.
Your serpentine skin is tough. (AC +0)
You have supernaturally acute eyesight. (SInv)
Armour fits poorly on your strangely shaped body.
Your system is resistant to poisons. (rPois)
You cover ground very slowly.
You can spit poison.


Message History

You thump the kobold!
You kill the kobold!
You have got your breath back.
* * * LOW HITPOINT WARNING * * *
You feel sick. The kobold hits you with a +0 whip.
* * * LOW HITPOINT WARNING * * *
Unknown command.
You aren't carrying any potions.
Unknown command.
You aren't carrying any potions.
Press: ? - help, Shift-Dir - straight line, f - kobold
Aim: a kobold, wielding a +0 whip The splash of poison misses the kobold.
* * * LOW HITPOINT WARNING * * *
You feel sick. The kobold hits you with a +0 whip.
* * * LOW HITPOINT WARNING * * *
Unknown command.
Unknown command.
You barely miss the kobold.
You die...

#.##..# #...# #)... .# .)##..#
#...# #.#.# .#
#.....#######...######.#.##.#
#.##.#....(.)..†.......#....####
#.......................# .....
#..###..(........†.K....##..#
...#
#######.....#####..(...####.
(†.# #...K)# ##..(....... #.##
#....@# #)##..#.### #.# #.....#
#.. ..... ..# #.....# #..#.....#
### #.....# ......#..# #.......
#.......... #..#...# #........##
....#.#.. .l .#!# # ... .###.


You could see a kobold.

Vanquished Creatures
  A dart slug (D:1)
  A leopard gecko (D:1)
  A giant cockroach (D:1)
  A hobgoblin (D:1)
  5 jackals (D:1)
  A bat (D:1)
  3 frilled lizards (D:1)
  4 kobolds (D:1)
  3 rats (D:1)
20 creatures vanquished.

Notes
Turn   | Place    | Note
-------+----------+-------------------------------------------
     0 | D:1      | MajorAdolf the Naga Wanderer began the quest for the Orb.
     0 | D:1      | MajorAdolf set off with the following items: a +2 mace, 2
                  | scrolls of teleportation, a +0 robe, a +0 dagger
     0 | D:1      | Reached XP level 1. HP: 22/22 MP: 1/1
   339 | D:1      | Reached XP level 2. HP: 20/30 MP: 2/2
   784 | D:1      | HP: 1/30 [kobold/+0 whip (1)]
   785 | D:1      | Succumbed to a kobold's poison

Illustrated notes

Levels and vault maps discovered:
D:1:      sevenhm_arrival_forest_fort_large_4, layout_loops_cross

Action                   || total
-------------------------++-------
Melee: Mace              ||    46
 Abil: Spit Poison       ||     8
 Stab: Sleeping          ||     1
Armor: Ring mail         ||    18
       Robe              ||     2
Dodge: Dodged            ||    28
